 Dungeon Crawl Stone Soup version 0.30-a0-341-g682706514a (webtiles) character file.

Game seed: 6853434652300791847

46 Kinoniko the Chopper (level 3, 0/31 HPs)
             Began as a Hill Orc Berserker on Nov 3, 2022.
             Was a Follower of Trog.
             Slain by Grinder (5 damage)
             ... on level 3 of the Dungeon.
             The game lasted 00:01:07 (1269 turns).

Kinoniko the Chopper (Hill Orc Berserker)           Turns: 1269, Time: 00:01:08

Health: 0/31       AC:  6    Str: 21    XL:     3   Next: 68%
Magic:  3/3        EV: 10    Int:  7    God:    Trog [*.....]
Gold:   140        SH:  0    Dex: 10    Spells: 2/2 levels left

rFire   . . .      SeeInvis .    a - +0 hand axe
rCold   + . .      Faith    .    (no shield)
rNeg    . . .      Spirit   .    c - +0 scale mail
rPois   +          Reflect  .    (no helmet)
rElec   .          Harm     .    (no cloak)
rCorr   .          Rampage  .    (no gloves)
Will    .....                    (no boots)
Stlth   +.........               (no amulet)
HPRegen 0.25/turn                i - ring of Gifrism {rPois rC+ Stlth+}
MPRegen 0.08/turn                (no ring)

@: no status effects
A: no striking features
a: Renounce Religion, Berserk


You were on level 3 of the Dungeon.
You worshipped Trog.
Trog was aware of your devotion.
You visited 1 branch of the dungeon, and saw 3 of its levels.

You collected 140 gold pieces.

Inventory:

Hand Weapons
 a - a +0 hand axe (weapon)
Armour
 c - a +0 scale mail (worn)
Jewellery
 i - the ring of Gifrism (left hand) {rPois rC+ Stlth+}
   (You found it on level 2 of the Dungeon)

   [ring of protection from cold]

   rC:        It protects you from cold.
   rPois:     It protects you from poison.
   Stlth:     It makes you more stealthy.
Scrolls
 b - 4 scrolls of identify {unknown}
 d - a scroll of teleportation {unknown}
 e - 2 scrolls of enchant armour {unknown}
 g - 2 scrolls of butterflies {unknown}
 h - a scroll of summoning {unknown}
 l - a scroll of poison {unknown}
Potions
 f - a potion of cancellation {unknown}
 j - 2 potions of heal wounds {unknown}
 k - 2 potions of curing {unknown}
 m - a potion of mutation {unknown}


   Skills:
 - Level 3.6 Fighting
 * Level 6.1 Axes
 - Level 2.1 Armour
 - Level 1.5 Dodging


You had 2 spell levels left.
You didn't know any spells.
Your spell library was empty.

Dungeon Overview and Level Annotations

Branches:
Dungeon (3/15)

Altars:

Annotations:
D:3 Grinder


Message History

The worm bites you but does no damage.
You slash the worm!
The worm is severely wounded.
The worm bites you.
You hit the worm but do no damage.
The worm is severely wounded.
You hit the worm but do no damage.
The worm is severely wounded.
The worm bites you.
You hit the worm but do no damage.
The worm is heavily wounded.
You hit the worm.
The worm is severely wounded.
The worm bites you.
You hit the worm.
The worm is almost dead.
The worm closely misses you.
You hit the worm.
You kill the worm!
Trog accepts your kill.
No target in view!
No target in view!
You see here a worm corpse.
Key pressed, stopping explore.
Found a stone staircase leading down.
No target in view!
Found a stone staircase leading up.
There is a stone staircase leading down here.
Grinder comes into view.
You hit Grinder but do no damage.
Grinder blinks!
Grinder gestures at you. Pain shoots through your body!
Grinder gestures at you. Pain shoots through your body!
* * * LOW HITPOINT WARNING * * *
You are too injured to fight recklessly!
Grinder hits you.
* * * LOW HITPOINT WARNING * * *
You writhe in agony.
You die...

#.. ###.# #....
#.#.# #.#.# ####
#.#.# #... #.#.#
####...###.#.######
......?...@5.>....#
####.....<#.#.###.#
#....#.#.#.###.#
##.....#.......#
#...#####.#####
#...# #.# ##### #.#
#.# #.#


You could see Grinder.

Vanquished Creatures
  An adder (D:2)
  A worm (D:3)
  A dart slug (D:3)
  An orc (D:3)
  2 ball pythons (D:3)
  3 bats (D:2)
  3 endoplasms
  A giant cockroach (D:1)
  2 goblins (D:1)
  2 hobgoblins
  4 jackals (D:3)
  4 frilled lizards
  3 kobolds
  2 rats (D:2)
30 creatures vanquished.

Notes
Turn   | Place    | Note
-------+----------+-------------------------------------------
     0 | D:1      | Kinoniko the Hill Orc Berserker began the quest for the
                  | Orb.
     0 | D:1      | Reached XP level 1. HP: 19/19 MP: 1/1
   288 | D:1      | Reached XP level 2. HP: 26/26 MP: 2/2
   537 | D:1      | Found a faded altar of an unknown god.
   641 | D:2      | Reached skill level 5 in Axes
   750 | D:2      | Identified the ring of Gifrism {rPois rC+ Stlth+}
   870 | D:2      | Reached XP level 3. HP: 28/31 MP: 3/3
  1171 | D:3      | Reached skill level 6 in Axes
  1265 | D:3      | Noticed Grinder
  1269 | D:3      | Slain by Grinder

Illustrated notes

Levels and vault maps discovered:
D:1:      dpeg_arrival_more_subterranean_lakeside_camping, layout_loops_ring,
          dreamdust_ecumenical_altar_angels_and_demons
D:2:      layout_basic, dk_noncrumbling_2, uniq_sigmund
D:3:      layout_basic, gammafunk_ghost_nasty_kobolds, chequers_mini_garden,
          kennysheep_generic_room_15, uniq_grinder

Skill      XL: |  1  2  3 |
---------------+----------+-----
Axes           | 5 6 |  6.1
Fighting       | |  3.6
Armour         | |  2.1
Dodging        | |  1.5

Action                   || total
-------------------------++-------
Melee: Hand axe          ||    82
       Punch             ||     1
Invok: Berserk           ||     1
Armor: Scale mail        ||    37
Dodge: Dodged            ||    42

Table legend: (Time is in decaauts)
 A = Elapsed time spent in this place.
 B = Non-inter-level travel time spent in this place.
 C = Inter-level travel time spent in this place.
 D = Time resting spent in this place.
 E = Time spent auto-exploring this place.
 F = Levels seen in this place.
 G = Mean time per level.
                   A        B        C        D        E       F      G
               +--------+--------+--------+--------+--------+-----+--------+
         Total |   1277 |   1218 |     59 |     10 |   1010 |   3 |  425.7 |
       Dungeon |   1277 |   1218 |     59 |     10 |   1010 |   3 |  425.7 |
               +--------+--------+--------+--------+--------+-----+--------+

Top non-repeatable levels by time:
     D:1: 625 daAuts
     D:2: 442 daAuts
     D:3: 210 daAuts
